 Dungeon Crawl Stone Soup version 0.25-a0-631-gc915619fb7 (webtiles) character file.

Game seed: 14847108212515619297, levelgen mode: deterministic

833 xnihilo the Skirmisher (level 7, -12/62 HPs)
             Began as a Hill Orc Fighter on Mar 18, 2020.
             Mangled by a gnoll
             ... wielding the cursed +1 bardiche "Aubergine" {elec, MR++ Str-2 Stlth+}
              (17 damage)
             ... on level 5 of the Dungeon.
             The game lasted 00:52:58 (5246 turns).

xnihilo the Skirmisher (Hill Orc Fighter)           Turns: 5246, Time: 00:52:58

Health: -12/62     AC: 14    Str: 20    XL:     7   Next: 98%
Magic:  7/7        EV:  4    Int:  8    God:
Gold:   252        SH:  9    Dex: 11    Spells: 6/6 levels left

rFire    . . .     SeeInvis +   k - +5 falchion
rCold    . . .     Gourm    .   c - +0 kite shield
rNeg     . . .     Faith    .   b - +0 plate armour
rPois    .         Spirit   .   (no helmet)
rElec    .         Reflect  .   m - +0 cloak
rCorr    .         Harm     .   g - +0 pair of gloves
MR       .....                  (no boots)
Stlth    ..........             (no amulet)
HPRegen  0.20/turn              e - ring of see invisible
MPRegen  0.10/turn              (no ring)

@: invisible
A: no striking features
a: no special abilities


You were on level 5 of the Dungeon.
You were hungry.

You visited 2 branches of the dungeon, and saw 6 of its levels.

You collected 252 gold pieces.

Inventory:

Hand Weapons
 k - a +5 falchion (weapon)
 l - a +3 quarterstaff of chaos
 o - a +0 shortbow
 w - a cursed -2 hand axe
Missiles
 a - 22 poisoned darts (quivered)
 p - 31 arrows
Armour
 b - a +0 plate armour (worn)
 c - a +0 kite shield (worn)
 g - a +0 pair of gloves (worn)
 m - a +0 cloak (worn)
 q - a +1 chain mail of poison resistance
Jewellery
 e - a ring of see invisible (left hand)
 h - an uncursed ring of stealth {unknown}
Wands
 v - a wand of digging (7)
Potions
 i - 2 potions of haste {unknown}
 j - a potion of heal wounds {unknown}
 n - a potion of magic {unknown}
 r - 2 potions of curing {unknown}
 t - a potion of berserk rage {unknown}
Comestibles
 f - 3 rations


   Skills:
 + Level 5.7 Fighting
 + Level 4.8 Long Blades
 + Level 5.2 Axes
 + Level 5.3 Armour
 + Level 0.3 Dodging
 + Level 0.1 Stealth
 + Level 4.8 Shields


You had 6 spell levels left.
You didn't know any spells.
Your spell library was empty.

Dungeon Overview and Level Annotations

Branches:
Dungeon (5/15)             Temple (1/1) D:5

Altars:
Cheibriados
Dithmenos
Elyvilon
Fedhas
Gozag
Hepliaklqana
Kikubaaqudgha
Okawaru
Qazlal
Ru
Trog
Uskayaw
Vehumet
Wu Jian
Xom
Yredelemnul
Zin


Message History

The gnoll is heavily wounded.
The gnoll hits you with a +0 whip.
The gnoll hits you with the cursed +1 bardiche "Aubergine" {elec, MR++ Str-2 Stlth+}.
You are electrocuted!
* * * LOW HITPOINT WARNING * * *
The gnoll completely misses you.
You riposte.
You hit the gnoll but do no damage.
The gnoll is heavily wounded.
The gnoll hits you but does no damage.
Items here: )))) ††
There is an open door here.
You hit the gnoll but do no damage. You block the gnoll's attack.
You hit the gnoll.
The gnoll is moderately wounded.
The gnoll hits you with a +0 whip.
* * * LOW HITPOINT WARNING * * *
It was a potion of invisibility.
You fade into invisibility!
The gnoll hits you but does no damage.
You are electrocuted!
You die...

...))..................#####
[..........................#
....≈≈≈≈≈≈≈≈≈≈≈≈≈≈≈≈≈≈≈...P#
....≈≈≈≈≈≈≈≈≈≈≈≈≈≈≈≈≈≈≈....#
....≈≈≈≈≈≈≈≈≈≈≈≈#####≈≈....#
................#...#≈≈....#
''''#############...#≈≈P...#
....#...........#'###≈≈....#
....').)).......@.#.≈≈≈....#
....#)..........#g#.≈≈≈....#
#################g#.≈≈≈....#
#......#.≈≈≈..P.#
#......#.≈≈≈....#
##'###.#.≈≈≈....# #...
#.#.≈≈≈....# #..
#.#.≈≈≈....# .'..
#'###≈≈....#


You could see 2 gnolls.

Vanquished Creatures
  A centaur (D:4)
  A water moccasin zombie (D:4)
  Crazy Yiuf (D:4)
  2 orc priests
  A gnoll shaman (D:5)
  A hound (D:3)
  Natasha (thrice) (D:3)
  Ijyb (D:5)
  2 worker ants (D:4)
  A hound zombie (D:4)
  A hound skeleton (D:4)
  2 howler monkey zombies (D:4)
  2 worker ant zombies (D:4)
  Robin (D:3)
  4 adders
  17 gnolls (D:5)
  An ooze (D:1)
  An adder zombie (D:5)
  2 worms (D:3)
  2 dart slugs
  9 orcs (D:3)
  3 bats
  3 giant cockroaches
  14 goblins
  10 hobgoblins
  18 jackals
  4 kobolds
  A quokka (D:3)
  8 frilled lizards
  A jackal skeleton (D:4)
  A leopard gecko skeleton (D:4)
  A quokka zombie (D:4)
  A rat (D:1)
  2 fungi (D:4)
123 creatures vanquished.

Notes
Turn   | Place    | Note
-------+----------+-------------------------------------------
     0 | D:1      | xnihilo the Hill Orc Fighter began the quest for the Orb.
     0 | D:1      | Reached XP level 1. HP: 19/19 MP: 1/1
   196 | D:1      | Reached XP level 2. HP: 20/27 MP: 2/2
   516 | D:1      | Reached XP level 3. HP: 33/33 MP: 3/3
  1053 | D:2      | Found a shimmering altar of Xom.
  1120 | D:2      | You fall into a shaft and drop 1 floor!
  1122 | D:3      | Upgraded the game from 0.25-a0-614-g73ad250637 to
                  | 0.25-a0-631-gc915619fb7
  1183 | D:3      | Noticed Natasha
  1190 | D:3      | Killed Natasha
  1190 | D:3      | Reached XP level 4. HP: 36/40 MP: 4/4
  1384 | D:3      | Noticed Natasha
  1398 | D:3      | Killed Natasha
  1398 | D:3      | Reached skill level 5 in Axes
  1398 | D:3      | Reached XP level 5. HP: 32/46 MP: 5/5
  1532 | D:3      | Found a glowing silver altar of Zin.
  1547 | D:3      | Noticed Natasha
  1557 | D:3      | Killed Natasha
  1875 | D:3      | Noticed Robin
  1895 | D:3      | Reached skill level 1 in Long Blades
  1925 | D:3      | HP: 2/47 [Robin/+0 trident (4)]
  1926 | D:3      | Killed Robin
  1926 | D:3      | Reached XP level 6. HP: 2/55 MP: 6/6
  3097 | D:4      | Found a stormy altar of Qazlal.
  3188 | D:4      | Reached skill level 5 in Fighting
  3664 | D:4      | Found a runed translucent door.
  3686 | D:4      | Noticed Crazy Yiuf
  3698 | D:4      | Killed Crazy Yiuf
  3698 | D:4      | Reached XP level 7. HP: 58/61 MP: 7/7
  4254 | D:5      | Entered Level 5 of the Dungeon
  4287 | D:5      | Found a staircase to the Ecumenical Temple.
  4293 | D:5      | Reached skill level 5 in Armour
  4300 | Temple   | Entered the Ecumenical Temple
  4693 | D:5      | Found an ancient bone altar of Kikubaaqudgha.
  4694 | D:5      | Found a bloodstained altar of Trog.
  4842 | D:5      | Noticed Ijyb
  4856 | D:5      | Killed Ijyb
  5221 | D:5      | Identified the cursed +1 bardiche "Aubergine" {elec, MR++
                  | Str-2 Stlth+}
  5246 | D:5      | Mangled by a gnoll

Levels and vault maps discovered:
D:1:      dpeg_arrival_refuge, layout_rooms
D:2:      layout_rooms, lemuel_coloured_pillars_altar,
          overflow_temple_1_default, minmay_misc_feat_hallway, uniq_terence
D:3:      layout_basic, zin_statuary, uniq_robin, uniq_natasha
D:4:      layout_gridville, grunt_qazlal_sundering, first_ration, serial_undead,
          serial_undead_c, serial_undead_d, serial_undead_e, serial_undead_f,
          uniq_crazy_yiuf_cottage
D:5:      lemuel_castle_with_subvaults [lemuel_castle_interior_carwin_1],
          layout_layer_cave, grunt_temple_overflow_open,
          minmay_temple_entry_proselytizer, uniq_ijyb
Temple:   nicolae_temple_x_marks_the_god

Skill      XL: |  1  2  3  4  5  6  7 |
---------------+----------------------+-----
Axes           | 3 5 |  5.2
Fighting       | 4 5 |  5.7
Armour         | 4 5 |  5.3
Long Blades    | 1 3 4 |  4.8
Shields        | 4 |  4.8
Dodging        | |  0.3
Stealth        | |  0.1

Action                   |  1- 3 |  4- 6 |  7- 9 || total
-------------------------+-------+-------+-------++-------
Melee: War axe           |    74 |    10 |       ||    84
       Falchion          |       |   228 |   136 ||   364
  Use: Scroll            |     8 |     6 |     3 ||    17
       Potion            |     2 |     2 |     1 ||     5
  Eat: Ration            |     1 |     2 |     1 ||     4
Armor: Scale mail        |    25 |       |       ||    25
       Plate armour      |     6 |   179 |    99 ||   284
Dodge: Dodged            |    17 |    39 |    28 ||    84
Block: Kite shield       |    34 |   148 |    74 ||   256
       Rpst.: Falchion   |       |    17 |    10 ||    27

Table legend:
 A = Non-vault XP
 B = Vault XP
 C = Vault XP percentage of total XP
 D = Non-vault monster count
 E = Vault monster count
 F = Vault count percentage of total count
                 A         B        C        D         E       F
            +---------+---------+-------+---------+---------+-------
      Total |     515 |     676 |  56.8 |      65 |      56 |  46.3
            +---------+---------+-------+---------+---------+-------
        D:1 |      40 |       0 |   0.0 |      19 |       0 |   0.0
        D:2 |      14 |       0 |   0.0 |       6 |       0 |   0.0
        D:3 |     237 |      68 |  22.3 |      29 |      12 |  29.3
        D:4 |     193 |     221 |  53.4 |       8 |      10 |  55.6
        D:5 |      31 |     387 |  92.6 |       3 |      34 |  91.9
            +---------+---------+-------+---------+---------+-------
